 Dungeon Crawl Stone Soup version 0.16.1-18-g436b03c (webtiles) character file.

620 tesudzi the Insei (level 7, -1/39 HPs)
             Began as a Vine Stalker Monk on May 12, 2015.
             Was a Believer of Ashenzari.
             Slain by a wraith (9 damage)
             ... in an ossuary.
             The game lasted 00:17:06 (3817 turns).

tesudzi the Insei (Vine Stalker Monk)               Turns: 3817, Time: 00:17:06

Health: -1/39      AC:  5    Str: 13    XL:     7   Next: 46%
Magic:  0/9        EV: 13    Int: 10    God:    Ashenzari [**....]
Gold:   88         SH:  0    Dex: 19    Spells: 0 memorised, 6 levels left

rFire  . . .     SeeInvis .       - Unarmed
rCold  + . .     Clarity  .     l - +0 ring mail {rPois}
rNeg   . . .     SustAb   .     (no shield)
rPois  +         Gourm    .     (no helmet)
rElec  .         Spirit   +     (no cloak)
rCorr  .         Warding  .     (no gloves)
rMut   .         Stasis   .     (no boots)
MR     .....                    (no amulet)
Stlth  ++........               t - ring of teleport control
                                q - ring of protection from cold

@: slowed, drained, very slow, not resistant to hostile enchantments, unstealthy
A: fangs 2, regeneration 2, magic shield, antimagic bite, no device heal 3, rot
immunity
a: Renounce Religion, Evoke Teleport Control


You were in an ossuary.
You worshipped Ashenzari.
Ashenzari was pleased with you.
You were hungry.

You visited 1 branch of the dungeon, and saw 5 of its levels.
You also visited: Ossuary.

You collected 192 gold pieces.
You spent 104 gold pieces at shops.

Inventory:

Hand weapons
 e - a +0 dagger
 p - a +0 hand axe
 u - a +0 blowgun
 w - a +2 dagger of venom
 A - a +0 falchion
 I - a +1 great sword of freezing
Missiles
 g - 10 stones (quivered)
 m - 4 tomahawks
 v - 32 poisoned needles
Armour
 a - a +0 robe
 d - a +0 pair of gloves
 l - a +0 ring mail of poison resistance (worn)
Jewellery
 q - a ring of protection from cold (left hand)
 t - a ring of teleport control (right hand)
Magical devices
 y - a wand of draining (0)
 C - a wand of heal wounds (2)
Scrolls
 h - 3 scrolls of immolation {unknown}
 k - a scroll of blinking {unknown}
 n - 3 scrolls of identify {unknown}
 s - 3 scrolls of remove curse
 x - 3 scrolls of recharging {unknown}
 H - 3 scrolls of teleportation
Potions
 c - 3 potions of curing
 f - 3 potions of agility
 j - a potion of berserk rage
 o - a potion of cancellation {unknown}
 B - a potion of brilliance {unknown}
 D - 3 potions of haste {unknown}
 E - a potion of heal wounds {unknown}
 F - a potion of ambrosia {unknown}
 G - a potion of might {unknown}
Comestibles
 b - 5 bread rations
 i - 2 meat rations
 r - 2 beef jerkies
 z - 4 fruits


   Skills:
 + Level 5.1(5.0) Fighting
 - Level 1.2(1.1) Armour
 + Level 3.9(3.7) Dodging
 - Level 2.4(2.2) Stealth
 + Level 6.0(5.8) Unarmed Combat


You had 6 spell levels left.
You didn't know any spells.

Dungeon Overview and Level Annotations

Branches:
Dungeon (5/15)
 Temple: D:4-7

Altars:
Ashenzari
Makhleb
The Shining One

Shops:
D:4 (!

Annotations:
D:4 exclusion: sensed monster (detected)
D:5 Natasha


Innate Abilities, Weirdness & Mutations

You have extremely sharp teeth.
You heal very quickly.
When hurt, damage is shared between your health and your magic reserves.
Your bite disrupts and absorbs the magic of your enemies.
Potions and wands cannot restore your health.
You are immune to rotting.


Message History

You hit the wraith. Your bite misses the wraith.
The wraith is moderately damaged.
The wraith misses you.
You barely miss the wraith. You bite the wraith, but do no damage.
The wraith is moderately damaged.
The wraith closely misses you. The wraith barely misses you.
You completely miss the wraith. You bite the wraith, but do no damage.
The wraith is moderately damaged.
The wraith hits you!
You hit the wraith but do no damage. Your bite misses the wraith.
The wraith is moderately damaged.
The wraith hits you.
* * * LOW HITPOINT WARNING * * *
You are too injured to fight recklessly!
Drink which item? (? for menu, Esc to quit)
You have no ailments to cure.
The wraith hits you.
* * * LOW HITPOINT WARNING * * *
The wraith hits you!
You die...

#.###.....###.#
#.#z#.....#z#.#
#.###.....###.#
#.............#
#.............#
#.###.###.###.#
#.#.#.#{#.#[#.#
#.'##.###.##'.#
#..W@.........#
#######'#######
#.# ###.###
#W▓.▓z# ###.###
#.# #'# #.#


You could see a wraith.

Vanquished Creatures
  An ogre (D:4)
  A scorpion (D:4)
  2 wights (Ossuary)
  A giant frog skeleton (D:4)
  An orc priest (D:4)
  4 orc wizards (D:4)
  A worker ant (D:3)
  Robin (D:2)
  6 adders
  3 giant mites
  A worm (D:3)
  An adder zombie (Ossuary)
  An adder skeleton (D:3)
  4 giant geckos
  15 orcs
  13 bats
  A bat skeleton (D:4)
  3 giant cockroaches
  20 goblins
  11 hobgoblins
  4 jackals (D:5)
  3 ball pythons
  A ball python skeleton (Ossuary)
  2 giant newts (D:2)
  2 hobgoblin skeletons (Ossuary)
  A jackal skeleton (D:4)
  9 kobolds
  A kobold zombie (Ossuary)
  An orc skeleton (Ossuary)
  4 orc zombies
  6 rats
125 creatures vanquished.

Notes
Turn   | Place    | Note
--------------------------------------------------------------
     0 | D:1      | tesudzi, the Vine Stalker Monk, began the quest for the Orb.
     0 | D:1      | Reached XP level 1. HP: 11/11 MP: 1/1
   234 | D:1      | Reached XP level 2. HP: 16/16 MP: 3/3
   759 | D:2      | Noticed Robin
   832 | D:1      | Reached XP level 3. HP: 9/19 MP: 4/4
   903 | D:2      | Reached skill level 5 in Unarmed Combat
   986 | D:2      | Found a shattered altar of Ashenzari.
   995 | D:2      | Became a worshipper of Ashenzari the Shackled
   995 | D:2      | Acquired Ashenzari's first power
  1085 | D:2      | Killed Robin
  1235 | D:2      | Reached XP level 4. HP: 22/24 MP: 5/5
  1380 | D:2      | Found a glowing golden altar of the Shining One.
  1381 | D:2      | Found a burning altar of Makhleb.
  1827 | D:3      | Reached XP level 5. HP: 22/29 MP: 7/7
  2452 | D:4      | Reached skill level 1 in Armour
  2922 | D:4      | Gained mutation: You heal very quickly. [vine stalker growth]
  2922 | D:4      | Reached XP level 6. HP: 27/34 MP: 5/8
  3076 | D:4      | Noticed an ogre
  3085 | D:4      | Killed an ogre
  3085 | D:4      | Reached skill level 5 in Fighting
  3275 | D:4      | Reached XP level 7. HP: 30/39 MP: 3/9
  3347 | D:4      | Found Phaar's Distillery.
  3353 | D:4      | Bought a potion of berserk rage for 65 gold pieces
  3353 | D:4      | Bought a potion of curing for 39 gold pieces
  3358 | D:4      | Found Geat's Antique Weapon Shoppe.
  3394 | D:5      | Entered Level 5 of the Dungeon
  3581 | D:5      | Found a sand-covered staircase.
  3593 | D:5      | Noticed Natasha
  3595 | Ossuary  | Entered an ossuary
  3697 | Ossuary  | Noticed a wraith
  3697 | Ossuary  | Noticed a flying skull
  3703 | Ossuary  | Noticed a flying skull
  3729 | Ossuary  | Noticed a flying skull
  3776 | Ossuary  | Reached skill level 6 in Unarmed Combat
  3804 | Ossuary  | Noticed a wraith
  3817 | Ossuary  | Slain by a wraith

Action                   |  1- 3 |  4- 6 |  7- 9 || total
-------------------------+-------+-------+-------++-------
Melee: Unarmed           |    87 |   224 |   118 ||   429
Throw: Stone             |       |     1 |       ||     1
Evoke: Wand              |       |       |     1 ||     1
  Use: Scroll            |       |     3 |       ||     3
       Potion            |       |     2 |       ||     2
 Stab: Sleeping          |     2 |     4 |     4 ||    10
  Eat: Chunk             |     1 |     6 |     2 ||     9
